AoeStats
← Grand

Socotra

504888694Analyzed
4v4 RM · 26d ago on Sep 6, 2026· 46m 59s· 8 players
Game mode
Random Map
Map size
148×148
Population
200
Speed
Normal
Resources
Standard
Victory
Conquest
Starting age
Dark Age
Ending age
Imperial Age
RankedLock teamsTeams togetherTeam positionsShared explorationLock speedFull tech treeHidden civsTurbo modeCheats
Victory
Defeat
🇬🇹 Mongols · Guatemala
1112
+13
🇮🇪 Teutons · Ireland
1034
+16
🇵🇪 Mongols · Peru
1033
+16
968
+19
🇺🇸 Mongols · United States
1158
-20
🇺🇸 Maya · United States
1049
-17
🇺🇸 Britons · United States
1001
-15
🇺🇸 Malay · United States
940
-12
CazadorGT
9:32 Feudal Age
9:52 Man-at-Arms
11:29 Loom
13:43 Forging
13:40 Town Watch
13:53 Arson
15:04 Scale Mail Armor
25:02 Castle Age
23:14 Double-Bit Axe
25:06 Fletching
25:55 Bodkin Arrow
25:24 Long Swordsman
27:57 Padded Archer Armor
29:16 Bloodlines
29:06 Husbandry
30:06 Gold Mining
31:42 Horse Collar
32:14 Bow Saw
33:39 Leather Archer Armor
35:40 Gold Shaft Mining
34:56 Stone Mining
38:53 Imperial Age
38:03 Ballistics
38:45 Wheelbarrow
39:42 Bracer
40:43 Chemistry
40:24 Onager
43:25 Siege Onager
redjumper99
1:50 Loom
11:32 Feudal Age
11:58 Double-Bit Axe
12:52 Wheelbarrow
11:59 Horse Collar
20:29 Bloodlines
22:30 Scale Barding Armor
22:39 Town Watch
23:26 Forging
27:29 Castle Age
27:19 Gold Mining
31:38 Stone Mining
33:44 Bow Saw
44:10 Hand Cart
45:31 Heavy Plow
Hitokirivan
6:53 Loom
9:25 Feudal Age
10:21 Double-Bit Axe
15:26 Scale Barding Armor
15:21 Scale Mail Armor
15:31 Forging
21:39 Castle Age
22:52 Husbandry
23:40 Bloodlines
24:25 Wheelbarrow
27:00 Bow Saw
27:40 Town Watch
29:59 Iron Casting
32:24 Horse Collar
33:10 Chain Barding Armor
36:49 Heavy Plow
41:00 Imperial Age
38:52 Hand Cart
38:58 Town Patrol
39:28 Light Cavalry
42:02 Conscription
42:22 Pikeman
43:02 Squires
42:48 Cavalier
45:19 Blast Furnace
46:01 Hussar
rodolfo casas noten¨o
1:52 Loom
12:05 Feudal Age
21:19 Castle Age
19:37 Double-Bit Axe
22:54 Horse Collar
26:18 Wheelbarrow
26:20 Scale Mail Armor
28:45 Hand Cart
29:23 Chain Mail Armor
32:34 Heavy Plow
34:08 First Crusade
34:08 Forging
35:56 Squires
36:28 Fletching
39:51 Imperial Age
38:29 Iron Casting
37:52 Pikeman
41:35 Plate Mail Armor
40:35 Sappers
41:25 Conscription
41:54 Crop Rotation
41:40 Capped Ram
43:10 Siege Ram
44:51 Gambesons
44:27 Man-at-Arms
46:10 Blast Furnace
46:19 Chemistry
45:26 Arson
46:37 Siege Engineers
Kayo0
7:16 Loom
9:20 Feudal Age
10:12 Double-Bit Axe
18:18 Wheelbarrow
18:18 Fletching
22:37 Castle Age
21:27 Padded Archer Armor
21:41 Forging
21:42 Arson
22:03 Gold Mining
21:58 Horse Collar
23:35 Bow Saw
22:47 Eagle Warrior
23:34 Bodkin Arrow
23:00 Elite Skirmisher
27:38 Town Watch
28:12 Hand Cart
29:00 Iron Casting
28:27 Scale Mail Armor
31:19 Squires
33:40 Chain Mail Armor
39:19 Imperial Age
43:11 Elite Eagle Warrior
ManoShEeP
8:27 Feudal Age
10:49 Loom
11:28 Double-Bit Axe
24:11 Wheelbarrow
walF
7:19 Loom
12:03 Feudal Age
12:01 Double-Bit Axe
21:48 Forging
21:44 Scale Barding Armor
21:45 Town Watch
21:58 Horse Collar
28:29 Castle Age
30:48 Iron Casting
31:18 Bow Saw
31:10 Gold Mining
31:32 Husbandry
34:02 Wheelbarrow
34:46 Stone Mining
37:21 Hand Cart
42:32 Imperial Age
41:37 Town Patrol
41:37 Elite Battle Elephant
Grand
7:50 Loom
11:11 Feudal Age
12:31 Double-Bit Axe
14:43 Fletching
14:57 Padded Archer Armor
17:54 Gold Mining
21:32 Castle Age
21:39 Horse Collar
21:36 Crossbowman
23:13 Bodkin Arrow
23:37 Bow Saw
24:13 Leather Archer Armor
27:58 Ballistics
31:29 Heavy Plow
37:01 Imperial Age
35:12 Wheelbarrow
35:50 Gold Shaft Mining
40:29 Arbalester
42:19 Chemistry
42:28 Hand Cart
41:59 Town Watch
Connection lost

Rejoining the realm…

Still unreachable

The connection could not be restored.

Session expired

The server has moved on; the page needs a fresh start.